 Dungeon Crawl Stone Soup version 0.17.0-23-g0de4337 (webtiles) character file.

231 dvd the Sneak (level 5, -2/25 HPs)
             Began as a Spriggan Enchanter on Nov 14, 2015.
             Killed from afar by Natasha (4 damage)
             ... with a magic dart
             ... on level 3 of the Dungeon.
             The game lasted 00:11:24 (2558 turns).

dvd the Sneak (Spriggan Enchanter)                  Turns: 2558, Time: 00:11:25

Health: -2/25      AC:  3    Str:  4    XL:     5   Next: 73%
Magic:  3/12       EV: 18    Int: 18    God:
Gold:   87         SH:  0    Dex: 16    Spells: 4 memorised, 3 levels left

rFire  . . .     SeeInvis +     e - +2 dagger (drain)
rCold  . . .     Clarity  .     b - +1 robe
rNeg   . . .     SustAt   .     (shield restricted)
rPois  .         Gourm    .     (helmet restricted)
rElec  .         Spirit   .     (no cloak)
rCorr  .         Warding  .     (gloves unavailable)
rMut   .         Stasis   .     (boots unavailable)
MR     .....                    (no amulet)
Stlth  ++++......               (no ring)
                                (no ring)

@: flying, very quick, not resistant to hostile enchantments, stealthy
A: unfitting armour, see invisible, herbivore 3, speed 3, slow metabolism 2
a: no special abilities


You were on level 3 of the Dungeon.
You were full.

You visited 1 branch of the dungeon, and saw 3 of its levels.

You collected 87 gold pieces.

Inventory:

Hand Weapons
 a - a +1 dagger
 e - a +2 dagger of draining (weapon)
 k - a +0 hunting sling
 m - a +0 dagger of venom
 q - a +0 hunting sling
 w - a +0 short sword of protection
Missiles
 l - 10 arrows of frost
 o - 94 stones (quivered)
 u - 53 arrows
Armour
 b - a +1 robe (worn)
Scrolls
 g - a scroll of recharging
 h - 3 scrolls of identify
 i - 2 scrolls of remove curse
 j - 2 scrolls of teleportation {unknown}
 n - 2 scrolls of noise {unknown}
 t - a scroll of fog {unknown}
Potions
 f - a potion of flight
 p - a potion of brilliance {unknown}
 r - 2 potions of cancellation {unknown}
 s - a potion of haste
 z - a potion of heal wounds {unknown}
Books
 c - a book of Maledictions

   Spells                             Type                      Level
   a - Corona                         Hexes                        1
   b - Ensorcelled Hibernation        Hexes/Ice                    2
   c - Confuse                        Hexes                        3
   d - Tukima's Dance                 Hexes                        3
   e - Dazzling Spray                 Conjuration/Hexes            3
Comestibles
 d - 2 bread rations
 v - a slice of pizza
 x - 3 fruits


   Skills:
 + Level 0.7 Fighting
 + Level 1.2 Short Blades
 + Level 3.5 Dodging
 + Level 6.8 Stealth
 * Level 4.0 Spellcasting
 * Level 5.0 Hexes
 * Level 1.2 Ice Magic


You had 3 spell levels left.
You knew the following spells:

 Your Spells              Type           Power        Failure   Level  Hunger
a - Corona                Hex            ###....      1%          1    None
b - Ensorcelled Hibernat  Hex/Ice        ##....       8%          2    ##.....
c - Confuse               Hex            ###.....     6%          3    ###....
d - Tukima's Dance        Hex            ###.....     6%          3    ###....


Dungeon Overview and Level Annotations

Branches:
Dungeon (3/15)

Altars:
Fedhas
Gozag
Kikubaaqudgha
Nemelex Xobeh
Xom

Annotations:
D:3 Natasha


Innate Abilities, Weirdness & Mutations

You are tiny and cannot use many weapons and most armour.
You have supernaturally acute eyesight.
You are a herbivore.
You cover ground extremely quickly.
You need consume almost no food.


Message History

Casting: Ensorcelled Hibernation
Confirm with . or Enter, or press ? or * to list all spells.
Aiming: Ensorcelled Hibernation
Press: ? - help, Shift-Dir - straight line, f - Natasha
Aim: Natasha (chance to defeat MR: 45%) Natasha resists with some effort.
Natasha mumbles some strange words.
Natasha casts a spell at you. The magic dart hits you!
You closely miss Natasha. Natasha misses you. The iron imp hits you!
Natasha stares at you and mumbles some strange words.
The magic dart hits you!
* * * LOW HITPOINT WARNING * * *
Drink which item? (? for menu, Esc to quit)
It was a potion of flight.
You feel very buoyant.
You fly up into the air.
Natasha casts a spell at you. The magic dart hits you!
You die...

#######.....## ##### #.)..##
######.#.## ...........#######
.###.......5.h.h.#
#.........###.# #.........# #.#
............# #.# ..#.........#
#@# ............# #.# ###### ##
###.........# #.# #....# #.
#.........# #.# #.##.# #.
#.........# #.# #.##.# #. ###
.....###.# #.##.# #. ..#
####.........# #.##.# #.
#.###...##..###### #.##.# #.
.)...###.......########.##.#####.


You could see Natasha.

Vanquished Creatures
  Ijyb (D:2)
  Natasha (twice) (D:3)
  3 gnolls (D:2)
  4 adders (D:2)
  An ooze (D:1)
  3 worms
  A giant gecko (D:3)
  2 orcs (D:3)
  A giant cockroach (D:1)
  10 hobgoblins
  6 jackals (D:2)
  12 kobolds
  A quokka (D:3)
  2 ball pythons
  4 bats
  4 giant newts
  7 goblins
  37 rats
101 creatures vanquished.

Notes
Turn   | Place    | Note
--------------------------------------------------------------
     0 | D:1      | dvd the Spriggan Enchanter began the quest for the Orb.
     0 | D:1      | Reached XP level 1. HP: 9/9 MP: 5/5
     6 | D:1      | Noticed a hound
     6 | D:1      | Noticed a salamander
     6 | D:1      | Noticed a worker ant
     7 | D:1      | Noticed a fire drake
   237 | D:1      | Reached skill level 5 in Stealth
   237 | D:1      | Reached XP level 2. HP: 13/13 MP: 6/6
   251 | D:1      | Learned a level 2 spell: Ensorcelled Hibernation
   747 | D:2      | Reached XP level 3. HP: 16/16 MP: 8/8
   759 | D:2      | Learned a level 3 spell: Confuse
  1131 | D:2      | Noticed Ijyb
  1292 | D:2      | Killed Ijyb
  1292 | D:2      | Reached XP level 4. HP: 11/21 MP: 4/9
  1299 | D:2      | Learned a level 3 spell: Tukima's Dance
  1304 | D:2      | Reached skill level 6 in Stealth
  1584 | D:2      | Reached skill level 1 in Ice Magic
  1584 | D:2      | Reached XP level 5. HP: 25/25 MP: 0/11
  1655 | D:2      | Found an ancient bone altar of Kikubaaqudgha.
  2365 | D:3      | Found a shimmering altar of Xom.
  2375 | D:3      | Found an opulent altar of Gozag.
  2384 | D:3      | Found a blossoming altar of Fedhas.
  2393 | D:3      | Found a sparkling altar of Nemelex Xobeh.
  2417 | D:3      | Noticed Natasha
  2420 | D:3      | Killed Natasha
  2436 | D:3      | Reached skill level 5 in Hexes
  2514 | D:3      | Noticed Natasha
  2526 | D:3      | Killed Natasha
  2540 | D:3      | Noticed Natasha
  2552 | D:3      | HP: 1/25 [Natasha/magic dart (8)]
  2558 | D:3      | Killed from afar by Natasha

Action                   |  1- 3 |  4- 6 || total
-------------------------+-------+-------++-------
Melee: Dagger            |    58 |    96 ||   154
       Short sword       |       |     1 ||     1
 Cast: Corona            |     6 |       ||     6
       Ensorcelled Hiber |    23 |    25 ||    48
       Confuse           |       |     1 ||     1
  Use: Scroll            |       |     3 ||     3
       Potion            |       |     1 ||     1
 Stab: Sleeping          |    27 |    32 ||    59
  Eat: Bread ration      |       |     1 ||     1
